 Dungeon Crawl Stone Soup version 0.20.1-1-g8b1a95d (webtiles) character file.

362 Irenicus the Destroyer (level 6, -3/32 HPs)
             Began as a Tengu Conjurer on Oct 11, 2017.
             Killed from afar by an orc wizard (5 damage)
             ... with a magic dart
             ... on level 4 of the Dungeon.
             The game lasted 00:08:20 (2601 turns).

Irenicus the Destroyer (Tengu Conjurer)             Turns: 2601, Time: 00:08:20

Health: -3/32      AC:  2    Str:  7 (8)  XL:     6   Next: 66%
Magic:  5/12       EV: 13    Int: 14 (15) God:
Gold:   294        SH:  0    Dex: 16 (17) Spells: 8/11 levels left

rFire    + . .     SeeInvis .   (no weapon)
rCold    + . .     Gourm    .   (no shield)
rNeg     . . .     Faith    .   a - +0 robe
rPois    +         Spirit   .   (helmet restricted)
rElec    +         Reflect  .   (no cloak)
rCorr    +         Harm     .   (no gloves)
MR       .....                  (boots unavailable)
Stlth    ++........             (no amulet)
Regen    0.1/turn               (no ring)
MPRegen  0.2/turn               (no ring)

@: resistant, berserk cooldown, hasted and slowed
A: beak, talons 3, able to fly 1
a: Fly


You were on level 4 of the Dungeon.
You were not hungry.

You visited 1 branch of the dungeon, and saw 4 of its levels.

You collected 294 gold pieces.

Inventory:

Armour
 a - a +0 robe (worn)
Scrolls
 d - a scroll of recharging {unknown}
 g - 2 scrolls of amnesia {unknown}
 h - 2 scrolls of teleportation {unknown}
 j - a scroll of fog {unknown}
 m - a scroll of remove curse {unknown}
 o - 2 scrolls of identify {unknown}
 q - a scroll of random uselessness {unknown}
 r - 2 scrolls of immolation {unknown}
 s - 2 scrolls of enchant armour {unknown}
 v - a scroll of magic mapping {unknown}
Potions
 n - a potion of curing {unknown}
 t - a potion of mutation {unknown}
Books
 b - a book of Conjurations

   Spells                             Type                      Level
   a - Magic Dart                     Conjuration                  1
   b - Searing Ray                    Conjuration                  2
   c - Dazzling Spray                 Conjuration/Hexes            3
   d - Fulminant Prism                Conjuration/Hexes            4
   e - Force Lance                    Conjuration/Translocation    4
   f - Iskenderun's Mystic Blast      Conjuration                  4
Comestibles
 c - 5 bread rations
 f - 3 royal jellies
 k - a meat ration
 l - 2 fruits
 w - a chunk of flesh


   Skills:
 - Level 2.1 Dodging
 - Level 2.0 Stealth
 + Level 3.3 Spellcasting
 + Level 9.3 Conjurations


You had 8 spell levels left.
You knew the following spells:

 Your Spells              Type           Power        Failure   Level  Hunger
a - Magic Dart            Conj           ####         1%          1    #......
b - Searing Ray           Conj           ####..       1%          2    ##.....


Dungeon Overview and Level Annotations

Branches:
Dungeon (4/15)
 Temple: D:4-7

Altars:
Ashenzari
Elyvilon


Innate Abilities, Weirdness & Mutations

You have a beak for a mouth.
You have claws for feet.
You can fly.


Message History

You feel yourself slow down. The orc wizard barely misses you.
The orc wizard gestures wildly while chanting.
The orc wizard seems to speed up.
You can move again.
It was a potion of resistance.
You feel protected. The orc wizard barely misses you.
The orc wizard closely misses you.
The orc wizard hits you but does no damage.
It was a potion of degeneration.
There was something very wrong with that liquid.
You feel weakened.
You feel dopey.
You feel clumsy. The orc wizard closely misses you.
The orc wizard hits you with a dagger.
* * * LOW HITPOINT WARNING * * *
It was a potion of haste.
You feel yourself speed up. The orc wizard hits you with a dagger.
* * * LOW HITPOINT WARNING * * *
The orc wizard points at you and mumbles some strange words.
The magic dart hits you!
You die...

#.## ######
......# #.##
###..... .......#
#..#######.....#
..(.....
##............#
#...###......#####
##### ###.......%.
#........
..####.o..####
#......w.@.##
####........##
#....##.))##
#....#####†.#
.....# #.)# ######
##..# ..# .## .#


You could see a worm and an orc wizard.

Vanquished Creatures
  A howler monkey (D:4)
  A hound (D:3)
  2 orc priests (D:4)
  A bullfrog skeleton (D:4)
  2 orc wizards (D:4)
  2 worker ants (D:4)
  5 adders
  An ooze (D:2)
  A worm (D:4)
  2 dart slugs
  2 leopard geckos
  4 orcs (D:4)
  4 bats
  A giant cockroach (D:3)
  8 goblins
  8 hobgoblins
  3 quokkas
  4 frilled lizards
  6 kobolds
  8 rats
66 creatures vanquished.

Vanquished Creatures (others)
  A bat (D:2)
1 creature vanquished.

Grand Total: 67 creatures vanquished

Notes
Turn   | Place    | Note
-------+----------+-------------------------------------------
     0 | D:1      | Irenicus the Tengu Conjurer began the quest for the Orb.
     0 | D:1      | Reached XP level 1. HP: 10/10 MP: 4/4
   190 | D:1      | Reached XP level 2. HP: 15/15 MP: 0/6
   293 | D:1      | Reached skill level 6 in Conjurations
   356 | D:1      | Learned a level 2 spell: Searing Ray
   452 | D:2      | Reached XP level 3. HP: 19/19 MP: 0/7
   569 | D:2      | Found a shattered altar of Ashenzari.
   608 | D:2      | Found a faded altar of an unknown god.
   632 | D:2      | Found a white marble altar of Elyvilon.
   968 | D:2      | Reached skill level 7 in Conjurations
  1272 | D:3      | Reached XP level 4. HP: 22/24 MP: 3/8
  1595 | D:3      | Gained mutation: You can fly. [Tengu growth]
  1595 | D:3      | Reached XP level 5. HP: 9/28 MP: 7/9
  1638 | D:3      | Reached skill level 8 in Conjurations
  1904 | D:3      | Noticed a two-headed ogre
  2363 | D:4      | Reached XP level 6. HP: 25/32 MP: 3/11
  2441 | D:4      | Reached skill level 9 in Conjurations
  2601 | D:4      | Killed from afar by an orc wizard

Skill      XL: |  1  2  3  4  5  6 |
---------------+-------------------+-----
Conjurations   | 6 7 8 9 |  9.3
Spellcasting   | 3 |  3.3
Dodging        | |  2.1
Stealth        | |  2.0

Action                   |  1- 3 |  4- 6 || total
-------------------------+-------+-------++-------
Melee: Unarmed           |    10 |    11 ||    21
       Peck              |     3 |     1 ||     4
       Kick              |       |     4 ||     4
 Cast: Magic Dart        |    59 |    49 ||   108
       Searing Ray       |       |     8 ||     8
 Abil: Fly               |       |     1 ||     1
  Use: Potion            |       |     4 ||     4
  Eat: Chunk             |     1 |     6 ||     7
Armor: Robe              |     5 |     4 ||     9
Dodge: Dodged            |     8 |    26 ||    34
